 Dungeon Crawl Stone Soup version 0.30-a0-1014-g3371b13838 (webtiles) character file.

Game seed: 16451955150853032679

134 Lavandula the Caller (level 5, -3/37 HPs)
             Began as a Gnoll Summoner on Apr 6, 2023.
             Slain by a nameless horror (13 damage)
             ... created by miscasting Call Canine Familiar
             ... on level 3 of the Dungeon.
             The game lasted 00:05:01 (2009 turns).

Lavandula the Caller (Gnoll Summoner)               Turns: 2009, Time: 00:05:01

Health: -3/37      AC: 12    Str: 10    XL:     5   Next: 17%
Magic:  1/12       EV:  6    Int: 17    God:
Gold:   131        SH:  0    Dex:  9    Spells: 8/14 levels left

rFire   + . .      SeeInvis .    q - +3 flail
rCold   + + .      Faith    .    (no shield)
rNeg    . . .      Spirit   .    x - +1 chain mail of Sexzo {rC+ Str+3 Dex-3}
rPois   +          Reflect  .    (no helmet)
rElec   +          Rampage  .    v - +0 cloak
rCorr   +                        (no gloves)
Will    .....                    (no boots) Stlth
                                 (no amulet)
HPRegen 0.26/turn                (no ring)
MPRegen 0.13/turn                (no ring)

@: brilliant, about to teleport, resistant, attractive, very slightly
contaminated, hasted, very quick
A: fangs 1, strong nose, distributed training, iridescent scales 1, poison
resistance
a: no special abilities


You were on level 3 of the Dungeon.
You visited 1 branch of the dungeon, and saw 3 of its levels.

You collected 131 gold pieces.

Inventory:

Hand Weapons
 f - a +0 dagger
 n - a +0 spear
 q - a +3 flail (weapon)
Missiles
 r - 10 poisoned darts
Armour
 a - a +0 robe
 l - a +0 leather armour
 v - a +0 cloak (worn)
 x - the +1 chain mail of Sexzo (worn) {rC+ Str+3 Dex-3}
   (You found it on level 3 of the Dungeon)

   Str:       It affects your strength (+3).
   Dex:       It affects your dexterity (-3).
   rC:        It protects you from cold.
Jewellery
 s - a ring of fire
 y - a ring of ice
Scrolls
 c - a scroll of amnesia {unknown}
 e - a scroll of enchant armour {unknown}
 g - 2 scrolls of magic mapping
 h - a scroll of brand weapon {unknown}
 i - a scroll of identify
 j - 3 scrolls of teleportation
 p - a scroll of enchant weapon {unknown}
 u - a scroll of fear {unknown}
Potions
 b - a potion of magic


   Skills:
 + Level 1.4 Fighting
 + Level 1.4 Short Blades
 + Level 1.4 Long Blades
 + Level 1.4 Axes
 + Level 1.4 Maces & Flails
 + Level 1.4 Polearms
 + Level 1.4 Staves
 + Level 1.4 Ranged Weapons
 + Level 1.4 Throwing
 + Level 1.4 Armour
 + Level 4.7 Dodging
 + Level 4.4 Stealth
 + Level 1.4 Shields
 + Level 1.4 Unarmed Combat
 + Level 5.2 Spellcasting
 + Level 1.1 Conjurations
 + Level 1.1 Hexes
 + Level 7.2 Summonings
 + Level 1.1 Necromancy
 + Level 1.1 Translocations
 + Level 1.1 Transmutations
 + Level 1.1 Fire Magic
 + Level 1.1 Ice Magic
 + Level 1.1 Air Magic
 + Level 1.1 Earth Magic
 + Level 1.1 Poison Magic
 + Level 1.6 Invocations
 + Level 1.4 Evocations


You had 8 spell levels left.
You knew the following spells:

 Your Spells              Type           Power      Damage    Failure   Level
a - Summon Small Mammal   Summ           100%       N/A       30%         1
b - Call Imp              Summ           43%        N/A       43%         2
c - Call Canine Familiar  Summ           43%        N/A       67%         3

Your spell library contained the following spells:

 Spells                   Type           Power      Damage    Failure   Level
 Summon Guardian Golem    Hex/Summ       27%        N/A       97%         3
 Summon Lightning Spire   Summ/Air       27%        N/A       100%        4


Dungeon Overview and Level Annotations

Branches:
Dungeon (3/15)

Altars:
Okawaru

Shops:
D:2 (

Annotations:
D:2 Jackal
D:3 2 runed translucent doors


Innate Abilities, Weirdness & Mutations

You have very sharp teeth.
Your uncanny sense of smell can sniff out nearby items.
Your experience applies equally to all skills.
You are partially covered in iridescent scales. (AC +2)
Your system is resistant to poisons. (rPois)


Message History

The nameless horror barely misses you.
You hit the nameless horror.
You bite the nameless horror, but do no damage.
The nameless horror is moderately damaged.
The jackal barely misses you. The nameless horror hits you!
It was a potion of attraction.
You feel attractive to monsters.
The jackal bites you but does no damage.
It was a potion of mutation.
You feel extremely strange.
Large bone plates grow over parts of your arms.
Iridescent scales grow over part of your body.
Your large bone plates disappear.
You feel resistant to poisons.
The jackal bites you but does no damage.
The nameless horror hits you but does no damage.
It was a potion of brilliance.
You feel clever all of a sudden. The jackal barely misses you.
The nameless horror hits you.
* * * LOW HITPOINT WARNING * * *
As you read the scroll labelled FOPROY TOONI, it crumbles to dust.
You feel aware of your surroundings.
You sensed 2 altars.
It was a scroll of magic mapping.
The jackal closely misses you.
The nameless horror hits you but does no damage.
As you read the scroll labelled JIS WOUNUDEIBRUFUI, it crumbles to dust.
It is a scroll of identify.
j - 4 scrolls of teleportation The jackal bites you but does no damage.
As you read the scroll of teleportation, it crumbles to dust.
You feel strangely unstable. The jackal barely misses you.
The nameless horror hits you.
* * * LOW HITPOINT WARNING * * *
Okay, then.
The jackal barely misses you. The nameless horror barely misses you.
The jackal barely misses you.
The jackal bites you but does no damage.
The nameless horror barely misses you.
The jackal bites you but does no damage.
The nameless horror hits you but does no damage.
The jackal barely misses you. The nameless horror hits you!
You die...

,,,,***,,...............≈≈≈..≈#..
,,,,,,,,,..h................_.#..
,,,,****,.hhh...........≈§≈..≈#..
,,,,* *******##.####.#########**
,,,,* #h# ##.######### ***** #h#
#.........# #h# #######.### #h#
#.# #@###########.#
#.X...........# ###############


You could see a nameless horror and 4 jackals.

Vanquished Creatures
  An orc priest (D:3)
  An adder (D:2)
  2 adder skeletons (D:2)
  A ball python (D:1)
  2 bats
  A bat skeleton (D:2)
  An endoplasm (D:1)
  3 giant cockroaches
  4 goblins
  2 hobgoblins
  A quokka (D:2)
  A ball python zombie (D:2)
  A frilled lizard (D:2)
  A jackal zombie (D:2)
  A kobold (D:2)
  A rat (D:1)
24 creatures vanquished.

Vanquished Creatures (collateral kills)
  An orc priest (D:3)
  2 adders (D:3)
  A worm (D:2)
  2 orcs (D:2)
  An endoplasm (D:1)
  A giant cockroach (D:1)
  2 hobgoblins
  3 ball pythons
  A frilled lizard (D:2)
  A goblin (D:1)
  A rat (D:2)
16 creatures vanquished.

Vanquished Creatures (others)
  4 withered plants (D:2)
4 creatures vanquished.

Grand Total: 44 creatures vanquished

Notes
Turn   | Place    | Note
-------+----------+-------------------------------------------
     0 | D:1      | Lavandula the Gnoll Summoner began the quest for the Orb.
     0 | D:1      | Reached XP level 1. HP: 13/13 MP: 6/6
   353 | D:1      | Reached XP level 2. HP: 19/19 MP: 5/7
   963 | D:2      | Reached skill level 5 in Spellcasting
   963 | D:2      | Reached XP level 3. HP: 25/25 MP: 6/9
  1119 | D:3      | Reached skill level 1 in Invocations
  1122 | D:3      | Learned a level 2 spell: Call Imp
  1126 | D:3      | Learned a level 3 spell: Call Canine Familiar
  1261 | D:2      | Reached skill level 1 in Fighting
  1261 | D:2      | Reached skill level 1 in Short Blades
  1261 | D:2      | Reached skill level 1 in Long Blades
  1261 | D:2      | Reached skill level 1 in Axes
  1261 | D:2      | Reached skill level 1 in Maces & Flails
  1261 | D:2      | Reached skill level 1 in Polearms
  1261 | D:2      | Reached skill level 1 in Staves
  1261 | D:2      | Reached skill level 1 in Ranged Weapons
  1261 | D:2      | Reached skill level 1 in Throwing
  1261 | D:2      | Reached skill level 1 in Armour
  1261 | D:2      | Reached skill level 1 in Shields
  1261 | D:2      | Reached skill level 1 in Unarmed Combat
  1261 | D:2      | Reached skill level 1 in Evocations
  1265 | D:2      | Found Biles's Antique Weapon Emporium.
  1418 | D:2      | Reached XP level 4. HP: 30/32 MP: 4/11
  1631 | D:3      | Reached skill level 1 in Conjurations
  1631 | D:3      | Reached skill level 1 in Hexes
  1631 | D:3      | Reached skill level 1 in Necromancy
  1631 | D:3      | Reached skill level 1 in Translocations
  1631 | D:3      | Reached skill level 1 in Transmutations
  1631 | D:3      | Reached skill level 1 in Fire Magic
  1631 | D:3      | Reached skill level 1 in Ice Magic
  1631 | D:3      | Reached skill level 1 in Air Magic
  1631 | D:3      | Reached skill level 1 in Earth Magic
  1631 | D:3      | Reached skill level 1 in Poison Magic
  1675 | D:3      | Reached XP level 5. HP: 34/37 MP: 8/12
  1781 | D:3      | Identified the +1 chain mail of Sexzo {rC+ Str+3 Dex-3}
  1930 | D:3      | Found a large runed translucent door.
  1931 | D:3      | Found a large runed translucent door.
  1935 | D:3      | Found an iron altar of Okawaru.
  1988 | D:3      | Noticed a nameless horror
  1999 | D:3      | Gained mutation: You are partially covered in large bone
                  | plates. (SH +4) [potion of mutation]
  1999 | D:3      | Gained mutation: You are partially covered in iridescent
                  | scales. (AC +2) [potion of mutation]
  1999 | D:3      | Lost mutation: You are partially covered in large bone
                  | plates. (SH +4) [potion of mutation]
  1999 | D:3      | Gained mutation: Your system is resistant to poisons.
                  | (rPois) [potion of mutation]
  2009 | D:3      | Slain by a nameless horror

Illustrated notes

Levels and vault maps discovered:
D:1:      tarquinn_simple_flora_water_a, layout_loops_cross
D:2:      layout_basic, serial_shops, shop, serial_undead, serial_undead_b,
          serial_undead_f, serial_undead_b, serial_undead_b, serial_undead_f,
          serial_undead_b, serial_undead_d, serial_undead_d, basic_altar,
          minmay_pentomino_t4, uniq_terence
D:3:      layout_basic, pf_just_have_faith, jmf_multi_god_temple2,
          solitary_fountain, kennysheep_generic_room_8

Skill      XL: |  1  2  3  4 |
---------------+-------------+-----
Spellcasting   | 5 |  5.2
Invocations    | 1 |  1.6
Fighting       | 1 |  1.4
Short Blades   | 1 |  1.4
Long Blades    | 1 |  1.4
Axes           | 1 |  1.4
Maces & Flails | 1 |  1.4
Polearms       | 1 |  1.4
Staves         | 1 |  1.4
Ranged Weapons | 1 |  1.4
Throwing       | 1 |  1.4
Armour         | 1 |  1.4
Shields        | 1 |  1.4
Unarmed Combat | 1 |  1.4
Evocations     | 1 |  1.4
Conjurations   | 1 |  1.1
Hexes          | 1 |  1.1
Necromancy     | 1 |  1.1
Translocations | 1 |  1.1
Transmutations | 1 |  1.1
Fire Magic     | 1 |  1.1
Ice Magic      | 1 |  1.1
Air Magic      | 1 |  1.1
Earth Magic    | 1 |  1.1
Poison Magic   | 1 |  1.1
Dodging        | |  4.7
Stealth        | |  4.4
Summonings     | |  7.2

Action                     |  1- 3 |  4- 6 || total
---------------------------+-------+-------++-------
  Melee: Dagger            |    67 |       ||    67
         Unarmed           |     4 |       ||     4
         Bite              |     2 |     2 ||     4
         Flail             |    19 |    30 ||    49
         Spear             |     7 |       ||     7
         Punch             |     1 |       ||     1
   Cast: Summon Small Mamm |    24 |     6 ||    30
         Call Canine Famil |     4 |     2 ||     6
         Call Imp          |     3 |     1 ||     4
    Use: Potion            |       |     6 ||     6
         Scroll            |       |     3 ||     3
   Stab: Sleeping          |     2 |       ||     2
         Distracted        |     1 |     1 ||     2
 Armour: Robe              |    16 |       ||    16
         Leather armour    |    18 |     6 ||    24
         Chain mail        |       |    22 ||    22
  Dodge: Dodged            |    80 |    28 ||   108

Table legend: (Time is in decaauts)
 A = Elapsed time spent in this place.
 B = Non-inter-level travel time spent in this place.
 C = Inter-level travel time spent in this place.
 D = Time resting spent in this place.
 E = Time spent auto-exploring this place.
 F = Levels seen in this place.
 G = Mean time per level.
                   A        B        C        D        E       F      G
               +--------+--------+--------+--------+--------+-----+--------+
         Total |   2023 |   1935 |     88 |     27 |   1214 |   3 |  674.3 |
       Dungeon |   2023 |   1935 |     88 |     27 |   1214 |   3 |  674.3 |
               +--------+--------+--------+--------+--------+-----+--------+

Top non-repeatable levels by time:
     D:1: 836 daAuts
     D:2: 621 daAuts
     D:3: 565 daAuts
